 Dungeon Sprint DCSS version 0.31-a0-986-g5e6e4ef867 (webtiles) character file.

Game seed: 17220247613679506514

142081076 rocky1 the Grand Master (level 22, 247/247 HPs)
             Began as an Octopode Shapeshifter on Nov 17, 2023.
             Was an Initiate of Gozag.
             Escaped with the Orb
             ... and 17 runes!
             The game lasted 00:52:39 (12812 turns).

rocky1 the Grand Master (Octopode Shapeshifter)    Turns: 12812, Time: 00:52:39

Health: 247/247    AC: 42    Str: 13    XL:     22   Next: 37%
Magic:  53/53      EV: 40    Int: 18    God:    Gozag
Gold:   8849       SH:  0    Dex: 27    Spells: 51/75 levels left

rFire   + +          +
                       - Unarmed
rCold   + + +        (no shield)
rNeg    + + +        (helmet restricted)
rPois   ∞            v - amulet of Upewn {rElec rF+++ Regen+ Int-4 Dex+3}
rElec   +            b - ring of Xom's Whimsicality {rC+ Dex+3 Slay+5}
rCorr   +            I - +4 ring of protection
SInv    .            H - ring of the Lonely Scars {rElec Str-4 Int+4 Slay+3}
Will    +....        u - +4 ring of slaying
Stlth   ++++         x - +4 ring of slaying
HPRegen 1.41/turn    w - ring of the Shining Light {rN+++ rCorr Int+4}
MPRegen 0.33/turn    z - ring of protection from cold
                     m - ring of Recklessness {rC+ rN+}

%: no teleportation
@: statue-form, very slow
A: slow and powerful, torment resistance 1, boosted hp, almost no armour,
amphibious, 8 rings, camouflage 1, (gelatinous body 1), (nimble swimmer 1),
tentacles, antennae 1, agile 1, electricity resistance, strong 1
0: Orb of Zot
}: 17/17 runes: decaying, serpentine, barnacled, slimy, elven, silver, golden,
iron, obsidian, icy, bone, abyssal, glowing, magical, fiery, dark, gossamer
a: Begin Untransformation, Renounce Religion, Potion Petition, Call Merchant,
Bribe Branch


You escaped.
You worshipped Gozag.
Gozag was greatly pleased with you.
You were a living statue of rough stone.
You visited 1 branch You collected 60629 gold pieces.
You spent 24337 gold pieces at shops.
You paid 27443 gold pieces to Gozag.

Inventory:

Hand Weapons
 W - the +13 sceptre of Asmodeus
   (You took it off Asmodeus in the Dungeon)

   Fire Summon: It may summon demons of flame and damnation when striking foes.
 X - the +6 sword of Cerebov {flame}
   (You took it off Cerebov in the Dungeon)
Armour
 T - the orb of Dispater {+Damnation *Corrode AC+5}
   (You took it off Dispater in the Dungeon)

   +Damnation: It grants the ability to hurl damnation at the cost of health and
   magic, with strength depending on Evocations skill.
   AC+5:      It affects your AC (+5).
   *Corrode:  It may corrode you when you take damage.
Jewellery
 b - the ring of Xom's Whimsicality (left tentacle) {rC+ Dex+3 Slay+5}
   (You found it in the Dungeon)

   [ring of protection from cold]

   Dex+3:     It affects your dexterity (+3).
   Slay+5:    It affects your accuracy & damage with ranged weapons and melee
   (+5).
   rC+:       It protects you from cold.
 c - the ring of the City {rElec EV+5 Str+2 Stlth+}
   (You found it in the Dungeon)

   [ring of evasion]

   EV+5:      It affects your evasion (+5).
   Str+2:     It affects your strength (+2).
   rElec:     It insulates you from electricity.
   Stlth+:    It makes you more stealthy.
 m - the ring of Recklessness (on tentacle) {rC+ rN+}
   (You found it in the Dungeon)

   [ring of protection from cold]

   rC+:       It protects you from cold.
   rN+:       It protects you from negative energy.
 n - the ring "Ruadoyhiu" {rF+ EV+5 SInv}
   (You bought it in a shop in the Dungeon)

   [ring of evasion]

   EV+5:      It affects your evasion (+5).
   rF+:       It protects you from fire.
   SInv:      It lets you see invisible.
 u - a +4 ring of slaying (on tentacle)
 v - the amulet of Upewn (around mantle) {rElec rF+++ Regen+ Int-4 Dex+3}
   (You bought it in a shop in the Dungeon)

   [amulet of regeneration]

   Int-4:     It affects your intelligence (-4).
   Dex+3:     It affects your dexterity (+3).
   rF+++:     It renders you almost immune to fire.
   rElec:     It insulates you from electricity.
   Regen+:    It increases your rate of health regeneration.
 w - the ring of the Shining Light (on tentacle) {rN+++ rCorr Int+4}
   (You bought it in a shop in the Dungeon)

   [ring of resist corrosion]

   Int+4:     It affects your intelligence (+4).
   rN+++:     It renders you almost immune to negative energy.
   rCorr:     It protects you from acid and corrosion.
 x - a +4 ring of slaying (on tentacle)
 y - the ring "Cynang" {rF+ Int+3}
   (You found it in the Dungeon)

   [ring of intelligence]

   Int+3:     It affects your intelligence (+3).
   rF+:       It protects you from fire.
 z - a ring of protection from cold (on tentacle)
 H - the ring of the Lonely Scars (on tentacle) {rElec Str-4 Int+4 Slay+3}
   (You found it in the Dungeon)

   [ring of slaying]

   Str-4:     It affects your strength (-4).
   Int+4:     It affects your intelligence (+4).
   Slay+3:    It affects your accuracy & damage with ranged weapons and melee
   (+3).
   rElec:     It insulates you from electricity.
 I - a +4 ring of protection (right tentacle)
Talismans
 k - a dragon-blood talisman
 o - a granite talisman (active)
 R - the talisman of death "Runio" {rElec rC+ Int-5}
   (You bought it in a shop in the Dungeon)

   [talisman of death]

   Int-5:     It affects your intelligence (-5).
   rC+:       It protects you from cold.
   rElec:     It insulates you from electricity.
Scrolls
 j - 3 scrolls of amnesia
 E - 8 scrolls of fear
 M - 6 scrolls of blinking
 N - 3 scrolls of fog
Potions
 d - 14 potions of curing
 e - 4 potions of heal wounds
 g - 11 potions of magic
 h - 2 potions of berserk rage
 i - a potion of cancellation
 l - 4 potions of brilliance
 p - a potion of enlightenment
 D - 4 potions of mutation
 F - 2 potions of might
 J - a potion of haste
Miscellaneous
 a - the horn of Geryon
 f - a lightning rod (4/4)
 G - a tin of tremorstones (2/2)


   Skills:
 O Level 27 Fighting
 - Level 1.0(1.4) Short Blades
 - Level 1.4(1.6) Long Blades
 - Level 0.9(1.3) Axes
 - Level 0.9(1.3) Maces & Flails
 - Level 0.9(1.3) Polearms
 - Level 0.9(1.3) Staves
 - Level 1.0 Ranged Weapons
 - Level 0.9 Throwing
 O Level 27 Dodging
 O Level 27 Stealth
 - Level 0.9 Shields
 O Level 27 Unarmed Combat
 O Level 27 Spellcasting
 + Level 8.0 Conjurations
 - Level 1.0 Hexes
 - Level 0.9 Summonings
 O Level 27 Necromancy
 - Level 14.6 Translocations
 - Level 0.9 Transmutations
 O Level 27 Fire Magic
 - Level 0.9 Ice Magic
 O Level 27 Air Magic
 - Level 0.9 Earth Magic
 - Level 1.1 Poison Magic
 - Level 1.0 Invocations
 O Level 27 Evocations
 O Level 27 Shapeshifting


You had 51 spell levels left.
You knew the following spells:

 Your Spells              Type           Power      Damage    Failure   Level
a - Maxwell's Capacitive  Air            44%        ∞         1%          8
b - Blink                 Tloc           100%       N/A       0%          2
c - Plasma Beam           Fire/Air       44%        2x1d58    0%          6
d - Borgnjor's Revivific  Necr           44%        N/A       1%          8

Your spell library contained the following spells:

 Spells                   Type           Power      Damage    Failure   Level
 Apportation              Tloc           100%       N/A       0%          1
 Shock                    Conj/Air       100%       1d9       0%          1
 Gell's Gravitas          Tloc           67%        N/A       0%          3
 Swiftness                Air            88%        N/A       0%          3
 Teleport Other           Tloc           67%        N/A       0%          3
 Volatile Blastmotes      Fire/Tloc      100%       2d18      0%          3
 Flame Wave               Conj/Fire      72%        2d16      0%          4
 Vhi's Electric Charge    Tloc/Air       100%       N/A       0%          4
 Freeze                   Ice            100%       1d10      1%          1
 Summon Small Mammal      Summ           100%       N/A       1%          1
 Ensorcelled Hibernation  Hex/Ice        54%        N/A       1%          2
 Jinxbite                 Hex            56%        N/A       1%          2
 Searing Ray              Conj           100%       2d8       1%          2
 Dazzling Flash           Conj/Hex       80%        N/A       1%          3
 Ignite Poison            Fire/Tmut/Pois 56%        N/A       1%          3
 Stone Arrow              Conj/Erth      80%        3d12      1%          3
 Iskenderun's Mystic Bla  Conj/Tloc      60%        2d13      1%          4
 Passage of Golubria      Tloc           67%        N/A       1%          4
 Arcjolt                  Conj/Air       36%        1d46      1%          5
 Borgnjor's Vile Clutch   Necr/Erth      32%        N/A       1%          5
 Fireball                 Conj/Fire      36%        3d15      1%          5
 Summon Forest            Summ/Tloc      25%        N/A       1%          5
 Conjure Ball Lightning   Conj/Air       36%        3x3d12    1%          6
 Dispersal                Tloc           33%        N/A       1%          6
 Starburst                Conj/Fire      36%        6d11      1%          6
 Summon Guardian Golem    Hex/Summ       27%        N/A       2%          3
 Call Canine Familiar     Summ           27%        N/A       3%          3
 Irradiate                Conj/Tmut      20%        3d18      6%          5
 Alistair's Intoxication  Tmut/Pois      18%        N/A       26%         5
 Metabolic Englaciation   Hex/Ice        13%        N/A       26%         5
 Bombard                  Conj/Erth      20%        9d4       34%         6
 Malign Gateway           Summ/Tloc      25%        N/A       43%         7
 Eringya's Noxious Bog    Tmut/Pois      14%        4d6       80%         6
 Lehudib's Crystal Spear  Conj/Erth      20%        10d6      100%        8
 Summon Horrible Things   Summ           13%        N/A       100%        8
 Simulacrum               Ice/Necr       Unusable   N/A       N/A         6
 Animate Armour           Summ/Erth      Unusable   N/A       N/A         4

Dungeon Overview and Level Annotations

Branches:
Dungeon (1/1)

Altars:
Cheibriados
Dithmenos
Elyvilon
Fedhas
Gozag
Hepliaklqana
Kikubaaqudgha
Makhleb
Nemelex Xobeh
Okawaru
Qazlal
Ru
Sif Muna
Trog
Uskayaw
Vehumet
Wu Jian
Xom
Yredelemnul
Zin
The Shining One
Jiyva
Lugonu

Shops:
D =???*=:!!=:([?(!:==


Innate Abilities, Weirdness & Mutations

You are a living statue of rough stone.
Your actions are slow, but your melee attacks are powerful.
You are resistant to unholy torment.
Your maximum health is greatly increased.
You cannot wear most types of armour.
You are amphibious.
You can wear up to eight rings at the same time.
You are immune to poison.
Your skin changes colour to match your surroundings (Stealth+).
((Your rubbery body absorbs attacks. (AC +1, EV +1)))
((You are camouflaged when in or above water. (Stealth+)))
You have tentacles for arms and can constrict up to eight enemies at once.
You have a pair of small antennae on your head.
You are agile. (Dex +4, Str/Int -1)
You are resistant to electric shocks. (rElec)
Your muscles are strong. (Str +4, Int/Dex -1)


Message History

A large abomination comes into view.
You tentacle-slap the Executioner. You squeeze the Executioner.
You kill the Executioner!
Your Conjurations skill increases to level 7!
There is a sparkling altar of Nemelex Xobeh here.
You see here 171 gold pieces.
The large abomination completely misses you.
The large abomination is distracted by your dazzling golden aura.
The large abomination completely misses you.
There is a burning altar of Makhleb here.
You barely miss the large abomination. You squeeze the large abomination!!
The large abomination is heavily damaged.
You batter the large abomination!!
You tentacle-slap the large abomination.
You destroy the large abomination!
You thrash the large abomination!!!!
You destroy the large abomination!
There is a corrupted altar of Lugonu here.
You see here 297 gold pieces.
The large abomination is no longer distracted by gold.
The large abomination hits you but does no damage.
There is an ancient bone altar of Kikubaaqudgha here.
You thrash the large abomination!!!
You destroy the large abomination!
Your Conjurations skill increases to level 8!
You now have 8849 gold pieces (gained 135).
There is a hazy altar of Hepliaklqana here.
There is an opulent altar of Gozag here.
There is a blossoming altar of Fedhas here.
There is a white marble altar of Elyvilon here.
There is a shadowy altar of Dithmenos here.
There is a snail-covered altar of Cheibriados here.
There is a roughly hewn altar of Beogh here.
There is an open door to the Temple here.
You see here a +0 hand axe.
There is an open door, spattered with blood here.
You see here a +0 dagger.
There is an open door to the Dungeon here.
There is a staircase leading out of the dungeon here.
You have escaped!

▓.............')..
▓.▓▓▓▓▓▓▓▓▓▓▓▓▓▓▓▓
▓.........[.......
▓▓▓▓▓▓▓▓▓▓▓▓▓▓▓▓▓▓
▓.......'.....[[..
▓.▓▓▓▓▓▓▓▓▓▓▓▓▓▓▓▓
▓.................
▓▓▓▓▓▓▓▓▓▓▓▓▓▓▓▓▓▓
▓8...')....')....'
▓▓▓▓▓▓▓▓▓▓▓▓▓▓▓▓▓▓


There were no monsters in sight!

Vanquished Creatures
  Cerebov (D)
  Asmodeus (D)
  Antaeus (D)
  the Royal Jelly (D)
  Ereshkigal (D)
  Gloorx Vloq (D)
  Lom Lobon (D)
  Mnoleg (D)
  4 ancient liches (D)
  Mennas (D)
  Dispater (D)
  Mara (D)
  2 orbs of fire (D)
  6 royal mummies (D)
  2 Killer Klowns (D)
  Sojobo (D)
  3 pandemonium lords (D)
  Saint Roka (D)
  Frederick (D)
  Margery (D)
  Geryon (D)
  Nikola (D)
  3 golden dragons (D)
  3 Brimstone Fiends (D)
  2 Tzitzimimeh (D)
  5 electric golems (D)
  A hellephant (D)
  2 Ice Fiends (D)
  2 tentacled monstrosities (D)
  3 Hell Sentinels (D)
  32 Orb Guardians (D)
  3 liches (D)
  3 quicksilver dragons (D)
  A titan (D)
  5 deep elf blademasters (D)
  6 acid blobs (D)
  4 Executioners (D)
  12 sphinxes (D)
  2 death cobs (D)
  A thorn hunter (D)
  7 shadow dragons (D)
  4 storm dragons (D)
  2 draconian monks (D)
  3 tengu reavers (D)
  2 draconian knights (D)
  Ilsuiw (D)
  4 nagarajas (D)
  A demonspawn warmonger (D)
  2 azure jellies (D)
  A daeva (D)
  6 rockslimes (D)
  4 emperor scorpions (D)
  5 ghost moths (D)
  4 vault wardens (D)
  A balrug (D)
  2 draconian scorchers (D)
  2 deep elf sorcerers (D)
  A draconian shifter (D)
  An angel (D)
  A demonspawn corrupter (D)
  A broodmother (D)
  4 reapers (D)
  5 very ugly things (D)
  2 quicksilver oozes (D)
  A formless jellyfish (D)
  A cacodemon (D)
  A war gargoyle (D)
  2 draconian annihilators (D)
  5 stone giants (D)
  2 demonspawn blood saints (D)
  3 ironbound thunderhulks (D)
  8 vampire knights (D)
  3 black draconians (D)
  An ironbound preserver (D)
  2 lorocyprocas (D)
  Nessos (D)
  4 green draconians (D)
  3 purple draconians (D)
  2 demonspawn black suns (D)
  A red draconian (D)
  3 yellow draconians (D)
  3 deep elf annihilators (D)
  6 white draconians (D)
  3 blizzard demons (D)
  4 deep elf death magi (D)
  A starcursed mass (D)
  7 merfolk impalers (D)
  A green death (D)
  Josephine (D)
  3 ettins (D)
  9 fire dragons (D)
  5 merfolk javelineers (D)
  An entropy weaver (D)
  6 ice dragons (D)
  3 mummy priests (D)
  3 yaktaur captains (D)
  A hell beast (D)
  25 vault guards (D)
  9 hydras (D)
  A rakshasa (D)
  Harold (D)
  An ogre mage (D)
  A spriggan air mage (D)
  An ironbound frostheart (D)
  2 alligators (D)
  A merfolk avatar (D)
  3 merfolk aquamancers (D)
  A boulder beetle (D)
  2 naga warriors (D)
  2 centaur warriors (D)
  A deep troll earth mage (D)
  2 tengu warriors (D)
  2 deep troll shamans (D)
  A demonic crawler (D)
  A naga sharpshooter (D)
  A shock serpent (D)
  6 hell knights (D)
  Sonja (D)
  2 soul eaters (D)
  2 sixfirhies (D)
  A salamander mystic (D)
  3 sun demons (D)
  A pharaoh ant (D)
  6 swamp dragons (D)
  A sun moth (D)
  A flayed ghost (D)
  2 lindwurms (D)
  2 glowing orange brains (D)
  3 arcanists (D)
  A naga ritualist (D)
  13 orc knights (D)
  A steelbarb worm (D)
  4 ironbound convokers (D)
  3 necromancers (D)
  A will-o-the-wisp (D)
  3 orc sorcerers (D)
  A shining eye (shapeshifter) (D)
  2 wolf spiders (D)
  A deep elf pyromancer (D)
  2 mana vipers (D)
  A manticore (D)
  2 cyclopes (D)
  13 moths of wrath (D)
  A merfolk siren (D)
  A toenail golem (D)
  2 guardian serpents (D)
  2 black mambas (D)
  3 rust devils (D)
  2 smoke demons (D)
  4 naga magi (D)
  A torpor snail (D)
  7 cane toads (D)
  2 vault sentinels (D)
  3 orange demons (D)
  3 ice devils (D)
  A yaktaur (D)
  2 tormentors (D)
  A freezing wraith (D)
  5 komodo dragons (D)
  19 guardian mummies (D)
  A merfolk (D)
  A wandering mushroom (D)
  3 trolls (D)
  A bloated husk (D)
  3 tyrant leeches (D)
  A meliai (D)
  4 glass eyes (D)
  A tarantella (D)
  A raiju (D)
  A slime creature (D)
  2 jumping spiders (D)
  4 ynoxinuls (D)
  A shadow (D)
  11 spriggans (D)
  2 water elementals (D)
  A vampire (D)
  2 culicivoras (D)
  4 wraiths (D)
  A wyvern (D)
  2 golden eyes (D)
  Grum (D)
  A redback (D)
  2 vampire mosquitoes (D)
  A neqoxec (D)
  4 nagas (D)
  11 large abominations (D)
  5 water moccasins (D)
  17 orc warriors (D)
  A small abomination (D)
  4 wolves (D)
  A centaur (D)
  4 bullfrogs (D)
  2 orc priests (D)
  An iguana (D)
  4 orc wizards (D)
  An ufetubus (D)
  7 orcs (D)
  A bat (D)
  2 giant cockroaches (D)
  A goblin (D)
  A quokka (D)
  A rat (D)
  A ball lightning (D)
607 creatures vanquished.

Vanquished Creatures (others)
  A pandemonium lord (D)
  A deep elf high priest (D)
  An occultist (D)
  A goliath frog (D)
  A bloated husk (D)
  An ufetubus (D)
  An orc (D)
  2 ball lightnings (D)
  A fire vortex (D)
  2 foxfires (D)
12 creatures vanquished.

Grand Total: 619 creatures vanquished

Notes
Turn   | Place    | Note
-------+----------+-------------------------------------------
     0 | D        | rocky1 the Octopode Shapeshifter began the quest for the
                  | Orb.
     0 | D        | Reached XP level 1. HP: 13/13 MP: 1/1
    21 | D        | Noticed an iguana
    21 | D        | Noticed a water moccasin
    25 | D        | Reached XP level 2. HP: 18/18 MP: 2/2
    29 | D        | Reached skill level 1 in Stealth
    29 | D        | Reached skill level 5 in Unarmed Combat
    29 | D        | Reached XP level 3. HP: 23/23 MP: 3/3
    32 | D        | Killed a water moccasin
    33 | D        | Reached XP level 4. HP: 11/28 MP: 4/4
    33 | D        | Reached XP level 5. HP: 13/33 MP: 5/5
    44 | D        | Found a snail-covered altar of Cheibriados.
    44 | D        | Found a shadowy altar of Dithmenos.
    44 | D        | Found a white marble altar of Elyvilon.
    44 | D        | Found a blossoming altar of Fedhas.
    44 | D        | Found an opulent altar of Gozag.
    45 | D        | Found a hazy altar of Hepliaklqana.
    46 | D        | Found a viscous altar of Jiyva.
    47 | D        | Found an ancient bone altar of Kikubaaqudgha.
    48 | D        | Found a corrupted altar of Lugonu.
    49 | D        | Found a burning altar of Makhleb.
    50 | D        | Found a sparkling altar of Nemelex Xobeh.
    51 | D        | Found an iron altar of Okawaru.
    52 | D        | Became a worshipper of Gozag Ym Sagoz the Greedy
    53 | D        | Found a stormy altar of Qazlal.
    69 | D        | Found a sacrificial altar of Ru.
    70 | D        | Found a shimmering blue altar of Sif Muna.
    71 | D        | Found a bloodstained altar of Trog.
    72 | D        | Found a hide-covered altar of Uskayaw.
    73 | D        | Found a radiant altar of Vehumet.
    74 | D        | Found an ornate altar of the Wu Jian Council.
    75 | D        | Found a shimmering altar of Xom.
    76 | D        | Found a basalt altar of Yredelemnul.
    77 | D        | Found a glowing silver altar of Zin.
    78 | D        | Found a glowing golden altar of the Shining One.
   175 | D        | Noticed a centaur
   175 | D        | Noticed a troll
   175 | D        | Noticed a wyvern
   175 | D        | Noticed a shadow
   177 | D        | Killed a wyvern
   178 | D        | Reached XP level 6. HP: 11/38 MP: 6/6
   179 | D        | Killed a troll
   179 | D        | Killed a shadow
   180 | D        | Reached skill level 5 in Dodging
   180 | D        | Reached skill level 5 in Stealth
   180 | D        | Reached skill level 1 in Evocations
   180 | D        | Reached skill level 10 in Shapeshifting
   180 | D        | Reached XP level 7. HP: 40/44 MP: 7/7
   468 | D        | Noticed a komodo dragon
   468 | D        | Noticed a troll
   468 | D        | Noticed a vampire
   468 | D        | Noticed a five-headed hydra
   468 | D        | Noticed a centaur warrior
   468 | D        | Noticed a centaur warrior
   472 | D        | Killed a vampire
   472 | D        | Killed a centaur warrior
   472 | D        | Killed a centaur warrior
   473 | D        | Reached XP level 8. HP: 54/54 MP: 8/8
   473 | D        | Reached XP level 9. HP: 58/58 MP: 9/9
   473 | D        | Killed a komodo dragon
   474 | D        | Killed a five-headed hydra
   475 | D        | Reached skill level 5 in Fighting
   475 | D        | Killed a troll
   588 | D        | Bought the ring "Ruadoyhiu" {rF+ EV+5 SInv} for 867 gold
                  | pieces
   696 | D        | Noticed a komodo dragon
   696 | D        | Noticed a cane toad
   696 | D        | Noticed a cane toad
   706 | D        | Killed a komodo dragon
   707 | D        | Reached skill level 15 in Unarmed Combat
   707 | D        | Reached XP level 10. HP: 66/66 MP: 10/10
   712 | D        | Noticed a torpor snail
   715 | D        | Killed a cane toad
  1048 | D        | Killed a cane toad
  1096 | D        | Killed a torpor snail
  1300 | D        | Noticed a black mamba
  1301 | D        | Noticed a five-headed hydra
  1320 | D        | Killed a five-headed hydra
  1320 | D        | Noticed a black mamba
  1326 | D        | Killed a black mamba
  1675 | D        | Reached XP level 11. HP: 74/75 MP: 11/11
  1989 | D        | Bought a dragon-blood talisman for 960 gold pieces
  2112 | D        | Reached skill level 5 in Evocations
  2280 | D        | Noticed Grum
  2298 | D        | Killed Grum
  2499 | D        | Noticed Sonja
  2504 | D        | Killed Sonja
  2532 | D        | Noticed Josephine
  2542 | D        | Killed Josephine
  2635 | D        | Noticed an ettin
  2643 | D        | Killed an ettin
  2805 | D        | Noticed an orc knight
  2810 | D        | Noticed an orc knight
  2817 | D        | Killed an orc knight
  2819 | D        | Noticed an orc sorcerer
  2823 | D        | Killed an orc knight
  2824 | D        | Reached XP level 12. HP: 85/85 MP: 12/12
  2825 | D        | Reached skill level 15 in Shapeshifting
  2976 | D        | Found Xapso's Jewellery Emporium.
  2988 | D        | Found Seurazif's Weapon Shoppe.
  2996 | D        | Found Zuil Heusch's Antique Armour Emporium.
  3000 | D        | Found Boczirywn's Antique Weapon Shoppe.
  3258 | D        | Bought a +4 ring of slaying for 1014 gold pieces
  3258 | D        | Bought the amulet of Upewn {rElec rF+++ Regen+ Int-4 Dex+3}
                  | for 999 gold pieces
  3258 | D        | Bought the ring of the Shining Light {rN+++ rCorr Int+4}
                  | for 733 gold pieces
  3526 | D        | Bought a +4 ring of slaying for 1248 gold pieces
  3804 | D        | Bought a blade talisman for 360 gold pieces
  3804 | D        | Bought a ring of protection from cold for 300 gold pieces
  3805 | D        | Bought a +5 ring of evasion for 432 gold pieces
  3845 | D        | Noticed Harold
  3856 | D        | Killed Harold
  3857 | D        | Reached skill level 10 in Fighting
  3981 | D        | Found the +13 scythe of Curses {drain, curses, Drain}
  4026 | D        | Noticed a tengu warrior
  4029 | D        | Noticed an ogre mage
  4030 | D        | Noticed an ice dragon
  4032 | D        | Killed a tengu warrior
  4038 | D        | Noticed a stone giant
  4039 | D        | Noticed a hell knight
  4040 | D        | Killed an ogre mage
  4041 | D        | Noticed a deep troll earth mage
  4042 | D        | Noticed a red very ugly thing
  4046 | D        | Killed an ice dragon
  4128 | D        | Killed a stone giant
  4135 | D        | Reached XP level 13. HP: 88/93 MP: 13/13
  4204 | D        | Killed a red very ugly thing
  4213 | D        | Noticed an ice dragon
  4218 | D        | Killed an ice dragon
  4348 | D        | Bought a potion of curing for 30 gold pieces
  4348 | D        | Bought a potion of curing for 30 gold pieces
  4348 | D        | Bought 2 potions of curing for 60 gold pieces
  4348 | D        | Bought a potion of curing for 30 gold pieces
  4348 | D        | Bought a potion of cancellation for 80 gold pieces
  4348 | D        | Bought a potion of curing for 30 gold pieces
  4348 | D        | Bought a potion of might for 40 gold pieces
  4348 | D        | Bought a potion of heal wounds for 50 gold pieces
  4348 | D        | Bought a potion of brilliance for 40 gold pieces
  4446 | D        | Noticed a broodmother
  4446 | D        | Noticed a ghost moth
  4456 | D        | Killed a broodmother
  4463 | D        | Killed a ghost moth
  4576 | D        | Noticed a merfolk javelineer
  4576 | D        | Noticed a merfolk javelineer
  4577 | D        | Noticed a merfolk impaler
  4580 | D        | Killed a merfolk javelineer
  4581 | D        | Noticed a merfolk impaler
  4582 | D        | Killed a merfolk javelineer
  4587 | D        | Killed a merfolk impaler
  4593 | D        | Killed a merfolk impaler
  4778 | D        | Noticed a thorn hunter
  4786 | D        | Reached XP level 14. HP: 95/104 MP: 14/14
  4851 | D        | Killed a thorn hunter
  4882 | D        | Bought the Catalogue of Displaced Transformation for 520
                  | gold pieces
  4882 | D        | Bought Kikubaaqudgha's Directory of Zombies for 338 gold
                  | pieces
  4882 | D        | Bought the Volume of the Glacier for 286 gold pieces
  4882 | D        | Bought the Compilation of the Puissant Jaunt for 416 gold
                  | pieces
  4882 | D        | Bought a book of Spectacle for 624 gold pieces
  4882 | D        | Bought Sif Muna's Collected Works on the Fifth Circle and
                  | the Brume for 416 gold pieces
  4882 | D        | Bought a book of Party Tricks for 286 gold pieces
  4928 | D        | Noticed Nessos
  4945 | D        | Noticed Saint Roka
  4963 | D        | Killed Nessos
  4964 | D        | Reached skill level 1 in Air Magic
  4976 | D        | Killed Saint Roka
  4977 | D        | Reached skill level 27 in Unarmed Combat
  5052 | D        | Noticed a brown very ugly thing
  5057 | D        | Killed a brown very ugly thing
  5062 | D        | Reached skill level 10 in Dodging
  5062 | D        | Noticed a vampire knight
  5068 | D        | Noticed a brown very ugly thing
  5075 | D        | Killed a vampire knight
  5076 | D        | Reached skill level 5 in Air Magic
  5079 | D        | Killed a brown very ugly thing
  5085 | D        | Reached skill level 5 in Spellcasting
  5088 | D        | Noticed a stone giant
  5102 | D        | Killed a stone giant
  5147 | D        | Bought a potion of berserk rage for 55 gold pieces
  5147 | D        | Bought a lightning rod (4/4) for 440 gold pieces
  5147 | D        | Bought a tin of tremorstones (2/2) for 440 gold pieces
  5188 | D        | Noticed an ironbound thunderhulk
  5202 | D        | Killed an ironbound thunderhulk
  5211 | D        | Noticed an ironbound thunderhulk
  5212 | D        | Noticed a vault warden
  5226 | D        | Killed an ironbound thunderhulk
  5227 | D        | Reached XP level 15. HP: 114/114 MP: 25/25
  5229 | D        | Killed a vault warden
  5468 | D        | Found the +8 storm bow {elec, penet}
  5562 | D        | Noticed Mennas
  5604 | D        | Killed Mennas
  5605 | D        | Reached skill level 15 in Fighting
  5931 | D        | Reached skill level 10 in Air Magic
  5941 | D        | Got a decaying rune of Zot
  5974 | D        | Noticed a ghost moth
  5974 | D        | Noticed an emperor scorpion
  5974 | D        | Noticed an emperor scorpion
  5975 | D        | Noticed a ghost moth
  5976 | D        | Killed a ghost moth
  5980 | D        | Killed an emperor scorpion
  5981 | D        | Noticed a ghost moth
  5988 | D        | Killed an emperor scorpion
  5994 | D        | Killed a ghost moth
  5995 | D        | Noticed an emperor scorpion
  5999 | D        | Noticed an emperor scorpion
  6002 | D        | Killed a ghost moth
  6016 | D        | Killed an emperor scorpion
  6019 | D        | Killed an emperor scorpion
  6029 | D        | Got a gossamer rune of Zot
  6146 | D        | Bought a granite talisman for 900 gold pieces
  6146 | D        | Bought a ring of wizardry for 450 gold pieces
  6154 | D        | Bought a book of Armaments for 576 gold pieces
  6154 | D        | Bought the Directory of the Fifth Circle for 608 gold
                  | pieces
  6154 | D        | Bought a Grand Grimoire for 544 gold pieces
  6154 | D        | Bought a There-And-Back Book for 480 gold pieces
  6154 | D        | Bought the Notes on Cold Transportation for 672 gold pieces
  6155 | D        | Noticed a nagaraja
  6155 | D        | Noticed a nagaraja
  6156 | D        | Noticed a nagaraja
  6157 | D        | Killed a nagaraja
  6158 | D        | Reached skill level 10 in Spellcasting
  6162 | D        | Noticed a nagaraja
  6166 | D        | Killed a nagaraja
  6172 | D        | Killed a nagaraja
  6179 | D        | Killed a nagaraja
  6183 | D        | Reached XP level 16. HP: 126/126 MP: 30/30
  6205 | D        | Got a serpentine rune of Zot
  6236 | D        | Bought the Annotations on Altered Pyromania for 576 gold
                  | pieces
  6251 | D        | Learned a level 8 spell: Maxwell's Capacitive Coupling
  6263 | D        | Reached skill level 15 in Dodging
  6263 | D        | Noticed Ilsuiw
  6300 | D        | Killed Ilsuiw
  6322 | D        | Got a barnacled rune of Zot
  6425 | D        | Noticed Mara
  6435 | D        | Killed Mara
  6451 | D        | Noticed Frederick
  6458 | D        | Killed Frederick
  6641 | D        | Noticed a tengu reaver
  6651 | D        | Killed a tengu reaver
  6670 | D        | Noticed a shadow dragon
  6680 | D        | Noticed a shadow dragon
  6686 | D        | Reached XP level 17. HP: 137/137 MP: 34/34
  6757 | D        | Noticed a titan
  6757 | D        | Noticed a quicksilver dragon
  6758 | D        | Noticed a tentacled monstrosity
  6765 | D        | Noticed a golden dragon
  6767 | D        | Killed a titan
  6771 | D        | Killed a tentacled monstrosity
  6775 | D        | Killed a quicksilver dragon
  6777 | D        | Identified the +3 orcbow "Yhylout" {flame, Str+4}
  6783 | D        | Killed a golden dragon
  6784 | D        | Reached skill level 27 in Shapeshifting
  6789 | D        | Reached skill level 15 in Air Magic
  6795 | D        | Identified the +2 robe "Tigief" {+Blink rF++ Will+ Stlth-}
  6800 | D        | Got a silver rune of Zot
  6827 | D        | Noticed Sojobo
  6835 | D        | Noticed Margery
  6838 | D        | Killed Sojobo
  6853 | D        | Killed Margery
  6912 | D        | Bought Sif Muna's Collected Works on Hurting and
                  | Blasphemous Rituals for 836 gold pieces
  6912 | D        | Bought a book of Lightning for 684 gold pieces
  6912 | D        | Bought a manual of Evocations for 1520 gold pieces
  6982 | D        | Got the ring of Xom's Whimsicality {rC+ Dex+3 Slay+5}
  6984 | D        | Got the ring of the City {rElec EV+5 Str+2 Stlth+}
  6986 | D        | Got the ring of Recklessness {rC+ rN+}
  6988 | D        | Got the ring "Cynang" {rF+ Int+3}
  6990 | D        | Got the ring of the Lonely Scars {rElec Str-4 Int+4 Slay+3}
  6998 | D        | Found the +7 great mace "Firestarter" {flame, immolate,
                  | rFlCloud rF++}
  7094 | D        | Identified the +1 pair of gloves of Undesirable Species
                  | {Harm rN+++ Int+6}
  7094 | D        | Noticed Nikola
  7101 | D        | Killed Nikola
  7116 | D        | Learned a level 2 spell: Blink
  7123 | D        | Learned a level 6 spell: Plasma Beam
  7152 | D        | Noticed a golden dragon
  7156 | D        | Reached skill level 15 in Spellcasting
  7166 | D        | Killed a golden dragon
  7523 | D        | Noticed a quicksilver dragon
  7535 | D        | Killed a quicksilver dragon
  7536 | D        | Reached XP level 18. HP: 153/153 MP: 38/38
  7575 | D        | Bought the talisman of death "Runio" {rElec rC+ Int-5} for
                  | 3009 gold pieces
  7605 | D        | Noticed an electric golem
  7625 | D        | Killed an electric golem
  7896 | D        | Noticed an Orb Guardian
  7896 | D        | Noticed an Orb Guardian
  7896 | D        | Noticed an Orb Guardian
  7896 | D        | Noticed an Orb Guardian
  7896 | D        | Noticed an Orb Guardian
  7896 | D        | Noticed an Orb Guardian
  7897 | D        | Killed an Orb Guardian
  7898 | D        | Reached skill level 27 in Dodging
  7900 | D        | Killed an Orb Guardian
  7901 | D        | Noticed an Orb Guardian
  7902 | D        | Noticed an Orb Guardian
  7903 | D        | Killed an Orb Guardian
  7905 | D        | Killed an Orb Guardian
  7907 | D        | Noticed an Orb Guardian
  7909 | D        | Killed an Orb Guardian
  7911 | D        | Killed an Orb Guardian
  7912 | D        | Killed an Orb Guardian
  7916 | D        | Killed an Orb Guardian
  7917 | D        | Noticed an Orb Guardian
  7920 | D        | Killed an Orb Guardian
  7922 | D        | Killed an Orb Guardian
  8046 | D        | Bought a scroll of fear for 40 gold pieces
  8046 | D        | Bought a scroll of blinking for 75 gold pieces
  8046 | D        | Bought a scroll of fear for 40 gold pieces
  8054 | D        | Noticed an Orb Guardian
  8054 | D        | Noticed an Orb Guardian
  8054 | D        | Noticed a quicksilver dragon
  8055 | D        | Noticed an Orb Guardian
  8057 | D        | Noticed an Orb Guardian
  8062 | D        | Killed an Orb Guardian
  8064 | D        | Killed an Orb Guardian
  8068 | D        | Killed a quicksilver dragon
  8071 | D        | Killed an Orb Guardian
  8072 | D        | Killed an Orb Guardian
  8194 | D        | Noticed an ancient lich
  8199 | D        | Killed an ancient lich
  8302 | D        | Noticed an orb of fire
  8303 | D        | Gained mutation: You passively map a small area around you.
                  | [an orb of fire]
  8306 | D        | Killed an orb of fire
  8307 | D        | Noticed an electric golem
  8311 | D        | Killed an electric golem
  8312 | D        | Reached skill level 27 in Fighting
  8331 | D        | Noticed an ancient lich
  8331 | D        | Noticed a golden dragon
  8331 | D        | Noticed an electric golem
  8331 | D        | Noticed an electric golem
  8334 | D        | Noticed an orb of fire
  8336 | D        | Killed an ancient lich
  8337 | D        | Reached XP level 19. HP: 170/170 MP: 43/43
  8339 | D        | Killed a golden dragon
  8350 | D        | Killed an orb of fire
  8352 | D        | Killed an electric golem
  8355 | D        | Killed an electric golem
  8355 | D        | Noticed a Killer Klown
  8365 | D        | Noticed a Killer Klown
  8369 | D        | Noticed an electric golem
  8372 | D        | Killed a Killer Klown
  8392 | D        | Killed a Killer Klown
  8396 | D        | Killed an electric golem
  8674 | D        | Noticed an ancient lich
  8674 | D        | Noticed an ancient lich
  8677 | D        | Reached skill level 1 in Translocations
  8677 | D        | Reached skill level 1 in Fire Magic
  8681 | D        | Reached skill level 10 in Stealth
  8687 | D        | Killed an ancient lich
  8693 | D        | Killed an ancient lich
  8694 | D        | Reached skill level 5 in Translocations
  8694 | D        | Reached skill level 5 in Fire Magic
  8694 | D        | Reached skill level 27 in Air Magic
  8700 | D        | Reached skill level 15 in Stealth
  8740 | D        | Bought a scroll of blinking for 127 gold pieces
  8740 | D        | Bought a scroll of immolation for 68 gold pieces
  8740 | D        | Bought a scroll of blinking for 127 gold pieces
  8740 | D        | Bought a scroll of amnesia for 68 gold pieces
  8740 | D        | Bought a scroll of blinking for 127 gold pieces
  8913 | D        | Reached XP level 20. HP: 177/177 MP: 49/49
  8959 | D        | Got an elven rune of Zot
  9070 | D        | Bought 2 potions of lignification for 78 gold pieces
  9070 | D        | Bought a potion of mutation for 104 gold pieces
  9070 | D        | Bought a potion of magic for 104 gold pieces
  9070 | D        | Bought a potion of heal wounds for 65 gold pieces
  9071 | D        | Lost mutation: You passively map a small area around you.
                  | [potion of mutation]
  9071 | D        | Gained mutation: You are clumsy. (Dex -2) [potion of
                  | mutation]
  9071 | D        | Gained mutation: Your mind is acute. (Int +4, Str/Dex -1)
                  | [potion of mutation]
  9071 | D        | Gained mutation: You have a pair of small antennae on your
                  | head. [potion of mutation]
  9138 | D        | Noticed the Royal Jelly
  9143 | D        | Reached skill level 10 in Translocations
  9143 | D        | Reached skill level 10 in Fire Magic
  9157 | D        | Killed the Royal Jelly
  9158 | D        | Reached skill level 10 in Evocations
  9202 | D        | Got a slimy rune of Zot
  9354 | D        | Bought a scroll of revelation for 97 gold pieces
  9473 | D        | Reached skill level 27 in Stealth
  9507 | D        | Bought a scroll of fog for 80 gold pieces
  9507 | D        | Bought a scroll of silence for 190 gold pieces
  9507 | D        | Bought a scroll of vulnerability for 80 gold pieces
  9507 | D        | Bought a scroll of revelation for 150 gold pieces
  9507 | D        | Bought a scroll of fear for 80 gold pieces
  9524 | D        | Reached skill level 27 in Spellcasting
  9528 | D        | Noticed a royal mummy
  9537 | D        | Reached skill level 15 in Evocations
  9549 | D        | Killed a royal mummy
  9593 | D        | Reached skill level 1 in Long Blades
  9616 | D        | Reached skill level 1 in Poison Magic
  9750 | D        | Noticed a royal mummy
  9750 | D        | Noticed a royal mummy
  9750 | D        | Noticed a royal mummy
  9750 | D        | Noticed a royal mummy
  9750 | D        | Noticed a royal mummy
  9759 | D        | Killed a royal mummy
  9760 | D        | Reached skill level 1 in Short Blades
  9760 | D        | Reached skill level 1 in Ranged Weapons
  9760 | D        | Reached skill level 1 in Hexes
  9760 | D        | Reached skill level 1 in Invocations
  9765 | D        | Killed a royal mummy
  9771 | D        | Killed a royal mummy
  9772 | D        | Reached skill level 5 in Necromancy
  9772 | D        | Reached skill level 15 in Fire Magic
  9778 | D        | Killed a royal mummy
  9784 | D        | Killed a royal mummy
  9802 | D        | Got a golden rune of Zot
  9875 | D        | Got an abyssal rune of Zot
 10122 | D        | Lost mutation: You are clumsy. (Dex -2) [potion of
                  | mutation]
 10122 | D        | Lost mutation: Your mind is acute. (Int +4, Str/Dex -1)
                  | [potion of mutation]
 10122 | D        | Gained mutation: You are resistant to electric shocks.
                  | (rElec) [potion of mutation]
 10122 | D        | Gained mutation: You are agile. (Dex +4, Str/Int -1)
                  | [potion of mutation]
 10122 | D        | Gained mutation: Your muscles are strong. (Str +4, Int/Dex
                  | -1) [potion of mutation]
 10164 | D        | Noticed Antaeus
 10164 | D        | Found the +6 sword of Cerebov {flame}
 10164 | D        | Noticed Cerebov
 10164 | D        | Found the +13 sceptre of Asmodeus
 10164 | D        | Noticed Asmodeus
 10164 | D        | Noticed Gloorx Vloq
 10164 | D        | Noticed Mnoleg
 10264 | D        | Noticed Geryon
 10269 | D        | Killed Geryon
 10274 | D        | Noticed Dispater
 10279 | D        | Killed Dispater
 10280 | D        | Reached skill level 10 in Necromancy
 10280 | D        | Reached XP level 21. HP: 183/183 MP: 44/52
 10282 | D        | Killed Antaeus
 10286 | D        | Killed Cerebov
 10290 | D        | Killed Asmodeus
 10304 | D        | Killed Mnoleg
 10305 | D        | Reached skill level 15 in Necromancy
 10309 | D        | Killed Gloorx Vloq
 10411 | D        | Learned a level 8 spell: Borgnjor's Revivification
 10437 | D        | Got an iron rune of Zot
 10442 | D        | Got an icy rune of Zot
 10478 | D        | Got a fiery rune of Zot
 10482 | D        | Got an obsidian rune of Zot
 10484 | D        | Noticed Ereshkigal
 10486 | D        | Got a dark rune of Zot
 10487 | D        | Noticed Lom Lobon
 10494 | D        | Killed Ereshkigal
 10499 | D        | Killed Lom Lobon
 10502 | D        | Got a glowing rune of Zot
 10506 | D        | Got a bone rune of Zot
 10510 | D        | Got a magical rune of Zot
 10576 | D        | Bought a potion of haste for 140 gold pieces
 10576 | D        | Bought a potion of haste for 140 gold pieces
 10576 | D        | Bought a potion of heal wounds for 70 gold pieces
 10576 | D        | Bought a potion of haste for 140 gold pieces
 10576 | D        | Bought a potion of curing for 42 gold pieces
 10576 | D        | Bought a potion of enlightenment for 70 gold pieces
 10576 | D        | Bought a potion of brilliance for 56 gold pieces
 10966 | D        | Got the Orb of Zot
 11166 | D        | Noticed Fuizuipp the pandemonium lord
 11174 | D        | Killed Fuizuipp the pandemonium lord
 11419 | D        | Noticed Xeonu the pandemonium lord
 11430 | D        | Killed Xeonu the pandemonium lord
 11904 | D        | Reached skill level 27 in Evocations
 12050 | D        | Reached XP level 22. HP: 190/190 MP: 53/53
 12390 | D        | Noticed Tefateorph the pandemonium lord
 12398 | D        | Killed Tefateorph the pandemonium lord
 12408 | D        | Reached skill level 27 in Fire Magic
 12423 | D        | Noticed Wunamur the pandemonium lord
 12427 | D        | Killed Wunamur the pandemonium lord
 12647 | D        | Reached skill level 27 in Necromancy
 12812 | D        | Escaped with the Orb!

Illustrated notes

Levels and vault maps discovered:
D:        linesprint [early_d, line_temple, items_1, d_10, items_2, lair_1,
          lair_end, items_3, orc_1, orc_end, items_4, d_15, swamp_1, shoals_1,
          snake_1, spider_1, d_20, vaults_1, items_5, swamp_end, shoals_end,
          snake_end, spider_end, vaults_end, d_27, items_6, zot_1, zot_end,
          crypt_end, forest_end, elf_end, slime_end, tomb_end, abyss_end,
          pan_hell_end]

Skill      XL: |  1  2  3  4  5  6  7  8  9 10 11 12 13 14 15 16 17 18 19 20 21 22 |
---------------+-------------------------------------------------------------------+-----
Unarmed Combat | 4 5 7 9 11 13 15 17 20 23 26 27 | 27.0
Stealth        | 1 3 4 5 6 7 8 9 18 27 | 27.0
Shapeshifting  | 4 6 8 10 12 13 14 16 18 21 24 26 27 | 27.0
Dodging        | 3 4 5 6 7 8 9 11 14 19 24 27 | 27.0
Evocations     | 1 2 3 4 5 19 27 | 27.0
Fighting       | 4 5 7 9 10 12 14 16 19 22 27 | 27.0
Air Magic      | 7 11 14 17 22 27 | 27.0
Spellcasting   | 7 10 13 16 20 25 27 | 27.0
Translocations | 8 14 | 14.6
Fire Magic     | 8 17 25 27 | 27.0
Long Blades    | 1 |  1.4
Poison Magic   | 1 |  1.1
Short Blades   | 1 |  1.0
Ranged Weapons | 1 |  1.0
Hexes          | 1 |  1.0
Invocations    | 1 |  1.0
Necromancy     | 10 21 27 | 27.0
Conjurations   | 8 |  8.0
Axes           | |  0.9
Maces & Flails | |  0.9
Polearms       | |  0.9
Staves         | |  0.9
Throwing       | |  0.9
Shields        | |  0.9
Summonings     | |  0.9
Transmutations | |  0.9
Ice Magic      | |  0.9
Earth Magic    | |  0.9

Action                     |  1- 3 |  4- 6 |  7- 9 | 10-12 | 13-15 | 16-18 | 19-21 | 22-24 || total
---------------------------+-------+-------+-------+-------+-------+-------+-------+-------++-------
  Melee: Unarmed           |    20 |     4 |     4 |   197 |   258 |   363 |   422 |    75 ||  1343
         Constrict         |     7 |     1 |       |    12 |       |    34 |    46 |     8 ||   108
         Tentacles         |     6 |     1 |       |    22 |       |    56 |   130 |    18 ||   233
         Punch             |       |       |       |    15 |    42 |    72 |    93 |    16 ||   238
         Bite              |       |       |       |    14 |    28 |    17 |       |       ||    59
         Tailslap          |       |       |       |    16 |    42 |    31 |       |       ||    89
   Cast: Maxwell's Capacit |       |       |       |       |       |     1 |     8 |       ||     9
 Invoke: Call Merchant     |       |       |     1 |     1 |     5 |     3 |     5 |       ||    15
         Potion Petition   |       |       |       |       |       |     2 |     2 |     1 ||     5
Ability: Breathe Fire      |       |       |       |     7 |     7 |     3 |       |       ||    17
  Evoke: Wand              |       |     3 |     6 |     1 |       |       |       |       ||    10
    Use: Potion            |     1 |     1 |       |     4 |    13 |     1 |    11 |     1 ||    32
         Scroll            |       |       |       |     3 |       |     2 |     2 |       ||     7
   Stab: Sleeping          |     2 |       |       |     2 |     6 |     4 |     8 |       ||    22
         Distracted        |       |       |     1 |     7 |     8 |    14 |    15 |     1 ||    46
         Invisible         |       |       |       |       |     2 |       |       |       ||     2
 Armour: Skin              |     5 |     2 |     1 |    60 |   147 |   157 |   196 |    43 ||   611
  Dodge: Dodged            |    10 |    10 |     3 |   100 |   158 |   247 |   412 |    71 ||  1011
   Form: Flux              |       |       |     1 |       |       |       |       |       ||     1
         Dragon            |       |       |       |     1 |       |     1 |       |       ||     2
         Statue            |       |       |       |       |       |     2 |     2 |       ||     4
         Death             |       |       |       |       |       |       |     2 |       ||     2

Table legend: (Time is in decaauts) A = Elapsed time spent in this place. B = Non-inter-level travel time spent in this place. C = Inter-level travel time spent in this place. D = Time resting spent in this place. E = Time spent auto-exploring this place. F = Levels seen in this place. G = Mean time per level. A B C D E F G +--------+--------+--------+--------+--------+-----+--------+ Total | 14081 | 12643 | 1438 | 5032 | 0 | 1 | 14081.0 | Dungeon | 14081 | 12643 | 1438 | 5032 | 0 | 1 | 14081.0 | +--------+--------+--------+--------+--------+-----+--------+

Top non-repeatable levels by time:
       D: 14081 daAuts
